[Event "Late-Titled-Tuesday-Blitz-September-26-2023"]
[Site "Chess.com"]
[Date "2023.09.26"]
[Round "10"]
[White "Dewarfd"]
[Black "traack"]
[Result "0-1"]
[WhiteElo "2220"]
[BlackElo "2392"]
[TimeControl "180+1"]
[EndTime "15:48:41 PDT"]
[Termination "traack won by resignation"]

1. d4 Nf6 2. e3 c5 3. dxc5 e6 4. Nf3 Bxc5 5. c4 O-O 6. a3 a5 7.
Be2 d5 8. cxd5 Nxd5 9. O-O Nc6 10. b3 b6 11. Bb2 Bb7 12. Nc3 Nxc3 13. Bxc3 Qe7 14.
a4 Rfd8 15. Qc2 Rac8 16. Qb2 f6 17. Rfd1 e5 18. Bc4+ Kh8 19. Rxd8+ Rxd8 20. Qc2 Nb4 21. Bxb4 Bxb4 22. Rd1 Bc5 23. Rxd8+ Qxd8 24. Be2 g6 25. h3 Kg7 26. Qc4 Qe7 27. Qg4 h5 28. Qc4 Qd7 29. Qb5 Bc6 30. Qa6 Bd5 31. Bc4 Be4 32. Qb5 Bc6 33. Qa6 Qd1+ 34. Bf1 Qxb3 35. Qa7+ Qf7 36. Qa8 Bxa8 0-1

[Event "Late-Titled-Tuesday-Blitz-September-26-2023"]
[Site "Chess.com"]
[Date "2023.09.26"]
[Round "10"]
[White "Cambek64"]
[Black "Journey_to_GrandMaster_YT"]
[Result "0-1"]
[WhiteElo "2471"]
[BlackElo "2599"]
[TimeControl "180+1"]
[EndTime "15:48:50 PDT"]
[Termination "Journey_to_GrandMaster_YT won by resignation"]

1. d4 d6 2. c4 e5 3. Nc3 exd4 4.
Qxd4 Nc6 5. Qd2 g6 6. b3 Bg7 7.
Bb2 Nge7 8. g3 O-O 9. Bg2 Be6 10.
e3 d5 11. cxd5 Nxd5 12. Nxd5 Bxd5 13. Bxd5 Bxb2 14. Rd1 Qf6 15. Ne2 Rad8 16. Qc2 Nb4 17.
Qc4 Nxd5 18. Rxd5 Qf3 19. O-O Qxd5 20. Qc2 Bg7 21. Nf4 Qd6 22. h4 h5 23. Qc4 c6 24. a4 Be5 25. b4 Bxf4 26. exf4 Qd4 27. Qc5 Qxc5 28. bxc5 Rd5 0-1

[Event "Late-Titled-Tuesday-Blitz-September-26-2023"]
[Site "Chess.com"]
[Date "2023.09.26"]
[Round "10"]
[White "jcmesafischer"]
[Black "nitpicker"]
[Result "0-1"]
[WhiteElo "2306"]
[BlackElo "2243"]
[TimeControl "180+1"]
[EndTime "15:48:52 PDT"]
[Termination "nitpicker won by resignation"]

1. d3 g6 2. Nf3 Bg7 3. g3 d5 4. Bg2 Nf6 5. O-O O-O 6. Nbd2 c5 7.
e4 Nc6 8. exd5 Nxd5 9. Ne4 b6 10. a4 h6 11. Re1 Bb7 12. Rb1 Rc8 13. c3 Qc7 14. h3 Rcd8 15. Qc2 e5 16. Nfd2 f5 17.
Qb3 Na5 18. Qa2 Kh7 19. b4 fxe4 20. bxa5 Nxc3 21. Qc2 Nxb1 22. Qxb1 exd3 23. axb6 axb6 24. Bxb7 Qxb7 25. Nc4 Rd4 26. Nxe5 Bxe5 27. Rxe5 d2 28. Bxd2 Rxd2 29. Re6 Qf7 30. Qe1 Rxf2 31. Re7 Rf1+ 32.
Kh2 Rxe1 0-1

[Event "Late-Titled-Tuesday-Blitz-September-26-2023"]
[Site "Chess.com"]
[Date "2023.09.26"]
[Round "10"]
[White "emeli_chess"]
[Black "NovikovaGalina"]
[Result "1-0"]
[WhiteElo "2367"]
[BlackElo "2387"]
[TimeControl "180+1"]
[EndTime "15:48:54 PDT"]
[Termination "emeli_chess won by resignation"]

1. d4 e5 2. dxe5 d6 3. exd6 Bxd6 4. Nf3 Nc6 5. e3 Bg4 6. Be2 Qe7 7. c3 O-O-O 8. Qc2 Nf6 9. Nbd2 h6 10. Nc4 Bc5 11. b4 Bb6 12. Nxb6+ cxb6 13. a4 Kb8 14. a5 bxa5 15. bxa5 g5 16. a6 b6 17. Nd4 Nxd4 18. cxd4 Rc8 19. Qb2 h5 20. O-O Qc7 21.
Bd3 Be6 22. e4 Ng4 23. e5 Bd5 24. Qe2 f6 25. Ba3 fxe5 26. dxe5 Qc6 27. Bd6+ Ka8 28. f3 Nh6 29. Rfc1 Qd7 30. Be4 Qe6 31. Qd3 1-0

[Event "Late-Titled-Tuesday-Blitz-September-26-2023"]
[Site "Chess.com"]
[Date "2023.09.26"]
[Round "10"]
[White "CheckThis4"]
[Black "Bauman_Guy"]
[Result "0-1"]
[WhiteElo "2697"]
[BlackElo "2871"]
[TimeControl "180+1"]
[EndTime "15:48:57 PDT"]
[Termination "Bauman_Guy won by checkmate"]

1. e4 c5 2. Nc3 d6 3. Nf3 Nf6 4. d4 cxd4 5. Nxd4 a6 6. Bd3 e5 7. Nde2 Be7 8. O-O O-O 9. Ng3 b5 10.
a4 b4 11. Nd5 Nxd5 12. exd5 f5 13. a5 e4 14. Bc4 Nd7 15. Bf4 Kh8 16. Ne2 Ne5 17. Bb3 g5 18. Bxe5+ dxe5 19. Qd2 f4 20. c3 Rb8 21. Rfd1 Bd6 22. cxb4 Rxb4 23. Bc2 Bf5 24.
Nc3 Rxb2 25. Qc1 Rb4 26. Rb1 Qxa5 27. f3 exf3 28. Bxf5 Bc5+ 29. Kh1 fxg2+ 30. Kxg2 Rxf5 31. Rxb4 Qxb4 32. Qc2 f3+ 33. Kh1 Qg4 34. Ne4 f2 35. Nxc5 Qf3# 0-1

[Event "Late-Titled-Tuesday-Blitz-September-26-2023"]
[Site "Chess.com"]
[Date "2023.09.26"]
[Round "10"]
[White "rose107"]
[Black "Nekoo04"]
[Result "1-0"]
[WhiteElo "2167"]
[BlackElo "2305"]
[TimeControl "180+1"]
[EndTime "15:49:07 PDT"]
[Termination "rose107 won on time"]

1. e4 c5 2. c3 d5 3. exd5 Qxd5 4. d4 Nf6 5. Nf3 e6 6. Be3 cxd4 7. cxd4 Nc6 8. Nc3 Qa5 9. Bb5 Bd7 10. O-O Be7 11. d5 exd5 12. Nxd5 Nxd5 13. Qxd5 Qc7 14. Rad1 Be6 15. Qe4 O-O 16. Bd3 g6 17. Bh6 Rfe8 18. Nd4 Bf6 19. Nb5 Qe5 20. Qf3 a6 21. Rfe1 Qxb2 22.
Nc7 Bxa2 23. Nxe8 1-0

[Event "Late-Titled-Tuesday-Blitz-September-26-2023"]
[Site "Chess.com"]
[Date "2023.09.26"]
[Round "10"]
[White "dadice10"]
[Black "Mariia89"]
[Result "1-0"]
[WhiteElo "2235"]
[BlackElo "2066"]
[TimeControl "180+1"]
[EndTime "15:49:15 PDT"]
[Termination "dadice10 won on time"]

1. e4 c6 2. d4 d5 3. exd5 cxd5 4. c4 Nf6 5. Nc3 e6 6. Nf3 Be7 7. cxd5 exd5 8. Bd3 O-O 9. h3 Nc6 10. O-O h6 11. Bf4 Be6 12. a3 Rc8 13. Rc1 Na5 14. Ne5 Nc4 15. Nxc4 dxc4 16. Bb1 Bd6 17. Be5 Bxe5 18.
dxe5 Qxd1 19. Rfxd1 Nd7 20. f4 Nc5 21. Ne4 Nb3 22. Rc3 a6 23. Nd6 Rc7 24. f5 Bd7 25. Rxc4 Rxc4 26. Nxc4 Ba4 27. Bc2 Rc8 28. Rd3 Nc5 29. Rd2 b5 30. Nd6 Rb8 31. b4 Bxc2 32.
Rxc2 Nb3 33. Rc7 a5 34. e6 fxe6 35. fxe6 axb4 36. axb4 Nd4 37. e7 Ne2+ 38. Kf2 1-0

[Event "Late-Titled-Tuesday-Blitz-September-26-2023"]
[Site "Chess.com"]
[Date "2023.09.26"]
[Round "10"]
[White "gordonzyxu"]
[Black "rikchessmx"]
[Result "1-0"]
[WhiteElo "2224"]
[BlackElo "2345"]
[TimeControl "180+1"]
[EndTime "15:49:17 PDT"]
[Termination "gordonzyxu won by resignation"]

1. e4 c5 2. Nf3 e6 3. d4 cxd4 4. Nxd4 a6 5. c4 Qc7 6. Nc3 Nf6 7. Be3 Bb4 8. Qd3 Nc6 9. Nxc6 Qxc6 10. f3 O-O 11. Bd4 Nh5 12. O-O-O b5 13. cxb5 Qc7 14.
b6 Qb7 15. g4 Nf4 16. Qd2 e5 17. Bxe5 Ng6 18. Bd6 Bxd6 19. Qxd6 Rb8 20. h4 Qxb6 21. h5 Qxd6 22. Rxd6 Ne5 23. Be2 f6 24. Nd5 Bb7 25. Nc3 Bc6 26. Rf1 Rfc8 27. Bxa6 Rc7 28. Be2 Ra7 29. a3 Nf7 30. Rd4 Nd8 31. Nd5 Ne6 32. Rd2 Nc5 33. Ne7+ Kf8 34. Nxc6 dxc6 35. Rc2 Nb3+ 36.
Kb1 c5 37. Bd3 Rc7 38. Ka2 Nd4 39. Rc4 Rcb7 40. Rf2 Nxf3 41. Rxf3 Rxb2+ 42. Ka1 R2b3 43. Rc2 c4 44. Be2 Rxa3+ 45. Rxa3 1-0

[Event "Late-Titled-Tuesday-Blitz-September-26-2023"]
[Site "Chess.com"]
[Date "2023.09.26"]
[Round "10"]
[White "GMJustin"]
[Black "chosenpr"]
[Result "0-1"]
[WhiteElo "2206"]
[BlackElo "2277"]
[TimeControl "180+1"]
[EndTime "15:49:20 PDT"]
[Termination "chosenpr won on time"]

1. d4 d5 2. c4 e6 3. Nc3 Nf6 4.
Bg5 Be7 5. e3 O-O 6. Nf3 Nbd7 7.
cxd5 exd5 8. Bd3 c6 9. Qc2 Re8 10. O-O Ne4 11. Bxe4 Bxg5 12. Bxh7+ Kh8 13. Nxg5 Qxg5 14.
Bd3 Nf6 15. Ne2 Ne4 16. Ng3 f5 17. f4 Qh4 18. Bxe4 fxe4 19. Qf2 Qf6 20. f5 Qh6 21. Qf4 Rf8 22. Qxh6+ gxh6 23. Rf4 Kh7 24. Raf1 Bd7 25. Nh5 Rf7 26. g4 Rg8 27. h4 Be8 28. Kh2 Rff8 29. Ng3 Rg7 30. Rg1 Rfg8 31. Nf1 Bd7 32. b4 a5 0-1

[Event "Late-Titled-Tuesday-Blitz-September-26-2023"]
[Site "Chess.com"]
[Date "2023.09.26"]
[Round "10"]
[White "ritanovikova"]
[Black "BeautiFullMindChess"]
[Result "1-0"]
[WhiteElo "2193"]
[BlackElo "2363"]
[TimeControl "180+1"]
[EndTime "15:49:28 PDT"]
[Termination "ritanovikova won on time"]

1. d4 Nf6 2. Bg5 d5 3. Nd2 c5 4. c3 Nc6 5. e3 Bf5 6. Qb3 Qd7 7.
Ngf3 h6 8. Bxf6 gxf6 9. dxc5 e5 10. Qb5 a6 11. Qb6 Be7 12. c4 d4 13. exd4 exd4 14.
Nh4 Bh7 15. Be2 O-O 16. O-O d3 17. Bf3 Nd4 18. Qxb7 Nxf3+ 19. Qxf3 Bxc5 20. Rfd1 Rad8 21. Ne4 Bd4 22. Nxf6+ Bxf6 23. Qxf6 Rfe8 24. Qxh6 Qg4 25. Nf3 Qxc4 26. Qg5+ Bg6 27. h4 Rd5 28. Qg3 Kh8 29.
Rd2 Qb4 30. Rad1 Red8 31. Ne5 Qe4 32. Nxg6+ Qxg6 33. Qe3 Rd4 34. Qe5+ Kh7 35. g3 1-0

[Event "Late-Titled-Tuesday-Blitz-September-26-2023"]
[Site "Chess.com"]
[Date "2023.09.26"]
[Round "10"]
[White "Cmorales2001"]
[Black "dorpato"]
[Result "1-0"]
[WhiteElo "2425"]
[BlackElo "2043"]
[TimeControl "180+1"]
[EndTime "15:49:35 PDT"]
[Termination "Cmorales2001 won on time"]

1. e4 c5 2. Nf3 d6 3. Bb5+ Bd7 4. Bxd7+ Qxd7 5. O-O Nc6 6. c3 e5 7. d4 cxd4 8. cxd4 exd4 9. Nxd4 Nxd4 10. Qxd4 Nf6 11. Nc3 Be7 12. Bf4 O-O 13. Rad1 Rfd8 14. Rfe1 Nh5 15. Be3 Bf6 16. Qd2 Bxc3 17. Qxc3 Nf6 18. Bd4 Ne8 19. Qg3 Qe6 20. a3 f6 21. Bc3 Rd7 22.
h4 Rad8 23. h5 Qf7 24. h6 g6 25. Bd4 b6 26. Qf4 d5 27. e5 fxe5 28. Qxe5 Nf6 29.
Qxf6 Qxf6 30. Bxf6 Rf8 31. Bg7 Rfd8 32. Rd4 a5 33. f4 b5 34. g4 b4 35. axb4 axb4 36.
Red1 b3 37. Bf6 Rc8 38. Rxd5 Rxd5 39. Rxd5 Rc1+ 40. Kf2 Rc2+ 41. Kf3 1-0

[Event "Late-Titled-Tuesday-Blitz-September-26-2023"]
[Site "Chess.com"]
[Date "2023.09.26"]
[Round "10"]
[White "nOcHeaTiNgKiD"]
[Black "sofaceindisguise"]
[Result "0-1"]
[WhiteElo "2609"]
[BlackElo "2728"]
[TimeControl "180+1"]
[EndTime "15:49:39 PDT"]
[Termination "sofaceindisguise won on time"]

1. d4 Nf6 2. Nf3 d5 3. Bf4 c5 4. e3 Nc6 5. Nbd2 Bg4 6. h3 Bh5 7. c3 e6 8. Qa4 Nd7 9. g4 Bg6 10. h4 h5 11. g5 Be7 12. Ne5 Ndxe5 13. Bxe5 O-O 14. Bg3 c4 15. Qd1 b5 16. Be2 b4 17.
Bxh5 bxc3 18. bxc3 Qa5 19. Bxg6 fxg6 20. Rc1 Rf5 21.
f4 Ba3 22. Rc2 Rb8 23. h5 Rb2 24. hxg6 Rxc2 25. Qxc2 Ne7 26. e4 Rf8 27. f5 exf5 28.
exd5 Qxd5 29. Nf3 Nxg6 30. Qe2 f4 31. Bf2 Bd6 32. O-O Rf5 33. Qe8+ Kh7 34. Be1 Be7 35. Rf2 Bxg5 36. Rh2+ Bh6 37. Qe2 Kg8 38. Qe8+ Nf8 39.
Ne5 f3 40. Bf2 Rf6 41. Rh3 Re6 42. Qh5 Rb6 43. Rg3 Rb1+ 44. Kh2 Bf4 45. Qf7+ Qxf7 0-1

[Event "Late-Titled-Tuesday-Blitz-September-26-2023"]
[Site "Chess.com"]
[Date "2023.09.26"]
[Round "10"]
[White "venturov"]
[Black "amanmuhammethommadov"]
[Result "0-1"]
[WhiteElo "2487"]
[BlackElo "2609"]
[TimeControl "180+1"]
[EndTime "15:49:40 PDT"]
[Termination "amanmuhammethommadov won by resignation"]

1. e4 c5 2. Nf3 Nc6 3. Bc4 e6 4. O-O d5 5. Bb5 dxe4 6. Ne5 Qc7 7. Nxc6 bxc6 8. Bc4 Nf6 9. Nc3 Bd6 10. h3 O-O 11.
Qe2 Rb8 12. Nxe4 Nxe4 13. Qxe4 Be5 14. Rb1 Rd8 15. b3 Bf6 16. Qe2 e5 17. a4 Re8 18. d3 Bf5 19. f3 Qe7 20. Be3 Bg5 21. Rfe1 Bxe3+ 22. Qxe3 Qd6 23. Re2 Kf8 24. Rbe1 f6 25.
f4 Bg6 26. fxe5 Rxe5 27. Qf4 Rbe8 28. Rxe5 Rxe5 29. Rxe5 Qxe5 30. Qxe5 fxe5 31. Kf2 Ke7 32. Ke3 Kd6 33. Bg8 h6 34. c3 a5 35. g4 e4 36. Bc4 exd3 37. Bxd3 Bf7 38. c4 g5 39.
Be4 Be8 40. Bf3 Ke5 41. Bg2 Bg6 42. Bxc6 Bc2 43. Be8 Bxb3 44. Bb5 Bc2 45. Bc6 Bb1 46. Be8 Ba2 47. Kd3 Bb3 48. Kc3 Bd1 49. Kd2 Bf3 50. Ke3 Bg2 51. Kf2 Bxh3 52. Bd7 Kf4 0-1

[Event "Late-Titled-Tuesday-Blitz-September-26-2023"]
[Site "Chess.com"]
[Date "2023.09.26"]
[Round "10"]
[White "Hikaru"]
[Black "dretch"]
[Result "1-0"]
[WhiteElo "3164"]
[BlackElo "2848"]
[TimeControl "180+1"]
[EndTime "15:49:46 PDT"]
[Termination "Hikaru won by resignation"]

1. b4 d5 2. Bb2 Bf5 3. e3 e6 4. a3 Nf6 5. c4 a5 6. b5 Nbd7 7. cxd5 exd5 8. d4 Bd6 9. Nc3 O-O 10. Bd3 Bxd3 11. Qxd3 Nb6 12. Nf3 Re8 13. O-O Ne4 14. Rfc1 Re6 15. Rc2 Qe7 16. g3 Re8 17. Nh4 Qf6 18. Rf1 g5 19. Ng2 Nxc3 20. Rxc3 Qf3 21. Qd1 Qxd1 22. Rxd1 Na4 23. Rc2 Nxb2 24. Rxb2 Bxa3 25.
Rb3 Bb4 26. Ne1 Rb6 27. Nd3 Bd6 28. Ra1 Ra8 29. Nc5 c6 30. bxc6 Bxc5 31. cxb7 Rb8 32. dxc5 Rxb3 33. c6 R3xb7 34. cxb7 Rxb7 35. Rxa5 Rd7 36.
Kf1 h6 37. Ke2 Rd6 38. Kd3 Rf6 39. f4 gxf4 40. gxf4 Rf5 41. Kd4 Rh5 42. e4 Rxh2 43. exd5 Kf8 44. Ke5 Kg7 45. d6 Re2+ 46. Kd5 Kf6 47.
Kc6 Rc2+ 48. Rc5 Rd2 49. Kc7 Rd4 50. d7 Kg6 51. d8=Q Rxd8 52. Kxd8 h5 53. Rg5+ Kh6 54. Ke7 1-0

[Event "Late-Titled-Tuesday-Blitz-September-26-2023"]
[Site "Chess.com"]
[Date "2023.09.26"]
[Round "10"]
[White "Nf3c5"]
[Black "Balla_Tamas"]
[Result "0-1"]
[WhiteElo "2578"]
[BlackElo "2443"]
[TimeControl "180+1"]
[EndTime "15:49:46 PDT"]
[Termination "Balla_Tamas won on time"]

1. e4 c5 2. Nf3 Nc6 3. b4 cxb4 4. d4 d5 5. exd5 Qxd5 6. c4 bxc3 7. Nxc3 Qa5 8. d5 e6 9. dxc6 Bb4 10. Bd2 Bxc3 11.
Rc1 Bxd2+ 12. Nxd2 bxc6 13. Qc2 Ne7 14. Bd3 Qe5+ 15. Kf1 h6 16. Nc4 Qc7 17. h4 O-O 18. Rh3 Ba6 19. Rg3 Rfd8 20. Kg1 Rd4 21. Bh7+ Kh8 22.
Bd3 Rad8 23. Bf1 Rxh4 24. Qc3 Nf5 25. Rh3 Rxh3 26. gxh3 Qf4 27. Ne5 Nd6 28. Bxa6 Ne4 29. Qe3 Qxe5 30. Re1 Qg5+ 31. Qxg5 Nxg5 32. Kg2 Rd2 33.
a4 Ra2 0-1

[Event "Late-Titled-Tuesday-Blitz-September-26-2023"]
[Site "Chess.com"]
[Date "2023.09.26"]
[Round "10"]
[White "reevecanada"]
[Black "YouShallNotPass001"]
[Result "1-0"]
[WhiteElo "2546"]
[BlackElo "2371"]
[TimeControl "180+1"]
[EndTime "15:49:48 PDT"]
[Termination "reevecanada won by resignation"]

1. e4 e5 2. Nf3 Nc6 3. d4 exd4 4. Nxd4 Bc5 5. Nb3 Bb6 6. Nc3 Nf6 7. Qe2 O-O 8. Be3 Re8 9. f3 d5 10. O-O-O d4 11.
Bg5 Be6 12. Kb1 h6 13. Bh4 a5 14. Na4 Ba7 15. Bf2 Bxb3 16. axb3 Qe7 17. Qb5 Rab8 18. Bd3 Qe5 19. g3 Red8 20. Rhe1 Qxb5 21. Bxb5 Ne7 22.
e5 Nh7 23. e6 f6 24. Bf1 b5 25. Nc3 c6 26. Ne2 c5 27. f4 Nf8 28. Bh3 g6 29.
Ng1 h5 30. Nf3 Rd5 31. c3 d3 32. Rd2 Rbd8 33. Red1 Bb8 34. c4 bxc4 35. bxc4 R5d6 36. Bxc5 Nxe6 37. Bxd6 Rxd6 38. Rxd3 Rc6 39. Bxe6+ Rxe6 40. Rd8+ 1-0

[Event "Late-Titled-Tuesday-Blitz-September-26-2023"]
[Site "Chess.com"]
[Date "2023.09.26"]
[Round "10"]
[White "MMSANCHEZ"]
[Black "vugarrasulov"]
[Result "0-1"]
[WhiteElo "2704"]
[BlackElo "2955"]
[TimeControl "180+1"]
[EndTime "15:49:50 PDT"]
[Termination "vugarrasulov won by resignation"]

1. d4 Nf6 2. Nf3 d5 3. c4 e6 4.
Nc3 Be7 5. Bf4 O-O 6. a3 Nbd7 7. c5 Nh5 8. e3 Nxf4 9. exf4 c6 10. Bd3 b6 11. b4 a5 12. O-O Ba6 13. g3 Qc7 14. Bxa6 Rxa6 15. Qd3 Rfa8 16. b5 cxb5 17. Nxb5 Qc6 18.
cxb6 Rxb6 19. a4 Qb7 20. Rac1 Rc8 21. Kg2 h6 22. Qb1 Rbc6 23. Rxc6 Rxc6 24. f5 Bb4 25. fxe6 Rxe6 26. Rc1 Nb6 27. Rc7 Qb8 28. Qf5 Rf6 29. Qg4 Bf8 30. Ne5 Qe8 31. Nd7 Nxd7 32. Rxd7 Qe1 33. f4 Re6 34. Kh3 Qf1+ 35. Kh4 Qf2 36. Rd8 Qxh2+ 37. Qh3 g5+ 38. Kg4 f5+ 0-1

[Event "Late-Titled-Tuesday-Blitz-September-26-2023"]
[Site "Chess.com"]
[Date "2023.09.26"]
[Round "10"]
[White "ferrufino64"]
[Black "Chessbard1972"]
[Result "0-1"]
[WhiteElo "2202"]
[BlackElo "2379"]
[TimeControl "180+1"]
[EndTime "15:49:50 PDT"]
[Termination "Chessbard1972 won on time"]

1. e4 c5 2. Nf3 a6 3. c4 e6 4. a3 Qc7 5. d4 cxd4 6. Nxd4 Nf6 7. Nc3 b6 8. Be2 Bb7 9. f3 Nc6 10. Be3 Ne5 11. Qb3 Rc8 12. Nc2 Bc5 13. Bxc5 bxc5 14. O-O-O Bc6 15. Ne3 Rb8 16. Qc2 O-O 17. h3 Ng6 18. Ng4 Nh5 19. Rhe1 Ng3 20. Bf1 Nf4 21. Qf2 h5 22. Ne3 Rb3 23. Rd2 Rfb8 24. Ned1 Ba8 25. e5 Nxf1 26. Qxf1 Qa5 27. g3 Ng6 28. f4 Bc6 29. Qe2 Ne7 30. Qxh5 Nf5 31. Qg4 Nd4 32. h4 Bf3 33. Qg5 Bxd1 34. Rexd1 Rxc3+ 0-1

[Event "Late-Titled-Tuesday-Blitz-September-26-2023"]
[Site "Chess.com"]
[Date "2023.09.26"]
[Round "10"]
[White "valemava"]
[Black "YellowJacek"]
[Result "0-1"]
[WhiteElo "2383"]
[BlackElo "2326"]
[TimeControl "180+1"]
[EndTime "15:49:52 PDT"]
[Termination "YellowJacek won on time"]

1. e4 c5 2. a3 Nf6 3. e5 Nd5 4.
c4 Nc7 5. b4 b6 6. b5 a6 7. Nc3 d6 8. exd6 Qxd6 9. Bb2 Bb7 10.
a4 Nd7 11. Nf3 Qe6+ 12. Be2 Bxf3 13. gxf3 Ne5 14. O-O Nxc4 15. Bxc4 Qxc4 16. Ne4 e6 17. d4 Nd5 18. Rc1 Qb4 19. Ba1 axb5 20. dxc5 Bxc5 21. axb5 O-O 22. Kh1 f5 23. Rg1 Rxa1 24. Rxa1 fxe4 25.
Ra7 Ne7 26. Qd7 Qb3 27. Qd1 Qxf3+ 28. Qxf3 Rxf3 29. Rg4 Rxf2 30. Rxe4 Kf7 31. h4 Kf6 32. Rg4 Nf5 33. Rc7 Rb2 34. h5 Rxb5 35. h6 Rb1+ 36. Kg2 Ne3+ 37. Kf3 Nxg4 38. hxg7 Nh6 0-1

[Event "Late-Titled-Tuesday-Blitz-September-26-2023"]
[Site "Chess.com"]
[Date "2023.09.26"]
[Round "10"]
[White "TatjanaVasilevich"]
[Black "ArtemDyachuk"]
[Result "1-0"]
[WhiteElo "2596"]
[BlackElo "2691"]
[TimeControl "180+1"]
[EndTime "15:49:53 PDT"]
[Termination "TatjanaVasilevich won by checkmate"]

1. Nf3 Nf6 2. b3 d5 3. Bb2 Bg4 4. Ne5 Bh5 5. g3 e6 6. d4 Bb4+ 7. c3 Bd6 8. Bg2 c5 9. O-O O-O 10. Nd2 Nc6 11. Ndf3 Ne4 12. c4 Nxd4 13. Nxd4 Bxe5 14.
Nxe6 fxe6 15. Bxe5 Qg5 16. f4 Qd8 17. cxd5 exd5 18.
Bxe4 dxe4 19. Qc2 Bg6 20. Qxc5 Rc8 21. Qxa7 Qd2 22. Qxb7 Bf7 23. Qxe4 Bh5 24. Rfd1 Qa5 25. Qd5+ Qxd5 26. Rxd5 Rc2 27. Rd7 Bf7 28. e4 Ra8 29. a4 h5 30. a5 h4 31. gxh4 Ra6 32.
Rd6 Ra7 33. a6 Bh5 34. Bd4 Ra8 35. a7 Bf3 36. Re1 Re8 37. Rb6 Kh7 38. Rb8 Re6 39. f5 Rh6 40. a8=Q Rxh4 41. Rh8# 1-0

[Event "Late-Titled-Tuesday-Blitz-September-26-2023"]
[Site "Chess.com"]
[Date "2023.09.26"]
[Round "10"]
[White "Lady_Nika"]
[Black "alexrustemov"]
[Result "1-0"]
[WhiteElo "2542"]
[BlackElo "2840"]
[TimeControl "180+1"]
[EndTime "15:49:55 PDT"]
[Termination "Lady_Nika won on time"]

1. e4 e6 2. d4 d5 3. exd5 exd5 4. Nf3 Bf5 5. Bd3 Bxd3 6. Qxd3 Nc6 7. O-O Bd6 8. Re1+ Nge7 9. a3 Qd7 10. c4 dxc4 11.
Qxc4 O-O 12. b4 Rae8 13. Bb2 Ng6 14. Nbd2 Nf4 15. Ne4 Qg4 16. Ng3 h5 17. Qb3 h4 18.
h3 Nxh3+ 19. gxh3 Qxh3 20. Ng5 Qd7 21. N3e4 Ne7 22. Qf3 f6 23. Qb3+ Kh8 24. Ne6 Rf7 25.
Nxd6 cxd6 26. Re4 Nf5 27. d5 Rfe7 28. Qf3 Nh6 29. Rxh4 Qa4 30. Bxf6 Rf7 31. Rxh6+ Kg8 32. Rg6 Qc2 33. Rxg7+ Rxg7+ 34. Bxg7 Qg6+ 35. Qg2 Qxg2+ 36. Kxg2 Rc8 37. Re1 Kf7 38. Re3 1-0

[Event "Late-Titled-Tuesday-Blitz-September-26-2023"]
[Site "Chess.com"]
[Date "2023.09.26"]
[Round "10"]
[White "DanielNaroditsky"]
[Black "JoakimVonAnd"]
[Result "1-0"]
[WhiteElo "3124"]
[BlackElo "2746"]
[TimeControl "180+1"]
[EndTime "15:49:57 PDT"]
[Termination "DanielNaroditsky won by resignation"]

1. e4 c6 2. d4 d5 3. exd5 cxd5 4. Nf3 Nc6 5. Bb5 Nf6 6. c4 e6 7.
Nc3 Be7 8. Ne5 Bd7 9. cxd5 exd5 10. O-O O-O 11. Bxc6 bxc6 12. Bg5 h6 13. Bh4 Re8 14. Re1 Rc8 15. Rc1 c5 16. Bxf6 Bxf6 17. Nxd5 cxd4 18. Nxf6+ gxf6 19. Nd3 Rxe1+ 20. Qxe1 Bf5 21. Rd1 Rc2 22.
h4 Qb6 23. Nf4 Qxb2 24. Qe8+ Kg7 25. Nh5+ Kg6 26. Ng3 Rc8 27. h5+ Kg5 28. Qxf7 Qc2 29. Rxd4 Qc7 30. Qxc7 Rxc7 31. Rd5 1-0

[Event "Late-Titled-Tuesday-Blitz-September-26-2023"]
[Site "Chess.com"]
[Date "2023.09.26"]
[Round "10"]
[White "Defenstrator"]
[Black "zajka-molotok"]
[Result "0-1"]
[WhiteElo "2399"]
[BlackElo "2570"]
[TimeControl "180+1"]
[EndTime "15:49:58 PDT"]
[Termination "zajka-molotok won by resignation"]

1. c4 e5 2. Nf3 e4 3. Nd4 Nc6 4.
Nxc6 dxc6 5. Nc3 Nf6 6. e3 Bf5 7. Qb3 b6 8. h3 h5 9. Qc2 Bd6 10. b3 Qe7 11. Bb2 h4 12. O-O-O Bg6 13. Kb1 O-O-O 14.
a3 Bxa3 15. Ba1 Bb4 16. Na4 c5 17. Be2 Rd6 18. Nc3 Rhd8 19. Bg4+ Nxg4 20. hxg4 a6 21.
Nd5 Qg5 22. Bxg7 Qxg4 23. Be5 Rxd5 24. cxd5 Rxd5 25. Bf6 Qxg2 26. Rxh4 Qxf2 27. Bc3 Qxh4 28. Bxb4 cxb4 29. Qc6 Rc5 30. Qa8+ Kd7 31. Qxa6 Qg4 32.
Rc1 Rxc1+ 33. Kxc1 Qe6 34. Qb5+ Qc6+ 35. Qxc6+ Kxc6 0-1

[Event "Late-Titled-Tuesday-Blitz-September-26-2023"]
[Site "Chess.com"]
[Date "2023.09.26"]
[Round "10"]
[White "karinachess1"]
[Black "Slovak_fighter2000"]
[Result "1-0"]
[WhiteElo "2618"]
[BlackElo "2460"]
[TimeControl "180+1"]
[EndTime "15:50:05 PDT"]
[Termination "karinachess1 won by resignation"]

1. d4 e6 2. c4 f5 3. Nf3 Nf6 4. g3 d5 5. Bg2 Ne4 6. O-O Be7 7. b3 Nc6 8. Ba3 Bf6 9. e3 h5 10. Nbd2 h4 11. Nxe4 fxe4 12. Nd2 Qd7 13. Qg4 Qf7 14. f4 e5 15. f5 exd4 16. cxd5 dxe3 17.
Nxe4 Ne5 18. Qe2 Bd7 19. Rac1 Qh5 20. Qxh5+ Rxh5 21. Rxc7 Rxf5 22. Nd6+ Kd8 23. Rxd7+ Kxd7 24. Nxf5 Nd3 25. Nxe3 Bd4 26. Rf7+ Ke8 27. Rf8+ Kd7 28. Bh3+ Kc7 29. d6+ Kc6 30. Rxa8 Bxe3+ 31. Kg2 Ne1+ 32. Kf1 Nc2 33. Rc8+ Kb6 34. Rxc2 1-0

[Event "Late-Titled-Tuesday-Blitz-September-26-2023"]
[Site "Chess.com"]
[Date "2023.09.26"]
[Round "10"]
[White "mitrabhaa"]
[Black "OparinGrigoriy"]
[Result "1/2-1/2"]
[WhiteElo "2855"]
[BlackElo "2980"]
[TimeControl "180+1"]
[EndTime "15:50:07 PDT"]
[Termination "Game drawn by repetition"]

1. Nf3 d5 2. c4 e6 3. e3 Nf6 4. b3 Bd6 5. Bb2 O-O 6. g3 c5 7. Bg2 Nc6 8. O-O e5 9. cxd5 Nxd5 10. Nc3 Nxc3 11. Bxc3 Qe7 12. Qc2 Bd7 13. Qb2 Rac8 14.
Rfe1 Rfe8 15. d4 e4 16. dxc5 Bxc5 17. Nd4 Nb4 18. Red1 Nd3 19. Qd2 Bg4 20. Rf1 Bxd4 21. Bxd4 Qe6 22. f3 exf3 23. Bxf3 Bxf3 24. Rxf3 Ne5 25. Rf4 Ng6 26. Rf2 a6 27. Raf1 f6 28.
Qb4 Rc7 29. Rf5 Rec8 30. R5f2 Qe4 31. Qd6 h5 32. h3 Rc2 33. Kh2 Rxf2+ 34. Rxf2 Rc1 35.
Rg2 Kh7 36. Qd7 Qb1 37. Rf2 Rh1+ 38. Kg2 Qe4+ 39. Rf3 Rc1 40. Bxf6 Rc2+ 41. Kg1 Rc1+ 42. Kg2 Rc2+ 43. Kg1 Rc1+ 44. Kg2 1/2-1/2

[Event "Late-Titled-Tuesday-Blitz-September-26-2023"]
[Site "Chess.com"]
[Date "2023.09.26"]
[Round "10"]
[White "RonArtest77"]
[Black "jk13"]
[Result "0-1"]
[WhiteElo "2502"]
[BlackElo "2626"]
[TimeControl "180+1"]
[EndTime "15:50:08 PDT"]
[Termination "jk13 won by checkmate"]

1. d4 Nf6 2. Bg5 Ne4 3. h4 Nc6 4. Nf3 d5 5. e3 Bg4 6. Be2 h6 7. Bf4 e6 8. Nbd2 Nxd2 9. Qxd2 Bd6 10. Bxd6 Qxd6 11. h5 a6 12. Rh4 Bf5 13. g4 Bh7 14. a3 O-O-O 15. O-O-O e5 16. dxe5 Nxe5 17. Nxe5 Qxe5 18. Bd3 Be4 19. f4 Qe7 20. Rh2 Rhe8 21. Re1 Qc5 22. Qb4 Qc6 23. Qd4 f6 24. Rd2 Rd6 25.
Red1 Kb8 26. c3 Re7 27. Rg1 Qd7 28. g5 fxg5 29. fxg5 Qe8 30. gxh6 gxh6 31. Kb1 Qxh5 32. Rg8+ Re8 33. Rxe8+ Qxe8 34. Ka2 h5 35. Rf2 a5 36. Qg7 Qe6 37. Rf8+ Ka7 38. Qd4+ b6 39. Be2 h4 40.
Qh8 d4+ 41. Ka1 dxc3 42. Bb5 Rd1# 0-1